[Event "*** Titled Tuesday Blitz"]
[Site "Chess.com"]
[Date "2020.05.12"]
[Round "4"]
[White "Muguet7"]
[Black "warmoatmeal"]
[Result "1-0"]
[WhiteElo "2473"]
[BlackElo "2212"]
[TimeControl "180+1"]
[EndTime "10:38:49 PDT"]
[Termination "Muguet7 won on time"]

1. Nf3 Nf6 2. b3 d5 3. Bb2 c6 4.
e3 Bf5 5. d4 e6 6. Be2 Nbd7 7. O-O h6 8. Nbd2 Bd6 9. Ne5 Be4 10. f4 Bh7 11. Bd3 Ne4 12. Bxe4 dxe4 13. c4 O-O 14. c5 Bxe5 15. fxe5 b6 16. cxb6 axb6 17. Qg4 Qg5 18. Qxg5 hxg5 19. Rfc1 Rfc8 20. Nc4 f6 21. Nd6 Rc7 22. a4 fxe5 23. dxe5 Nc5 24. Rxc5 bxc5 25. Ba3 Rb8 26. Bxc5 Rxb3 27. a5 Bg6 28. a6 Rb8 29. a7 Ra8 30. g4 Rd7 31. Kf2 Kf8 32. Ke2 Be8 33. Rb1 Raxa7 34. Nc8+ Kf7 35.
Nxa7 Rd3 36. Nc8 Rc3 37. Nd6+ Kf8 38. Bd4 1-0

[Event "*** Titled Tuesday Blitz"]
[Site "Chess.com"]
[Date "2020.05.12"]
[Round "4"]
[White "ChessTraining77"]
[Black "kirillshevchenko"]
[Result "1/2-1/2"]
[WhiteElo "2534"]
[BlackElo "2816"]
[TimeControl "180+1"]
[EndTime "10:38:50 PDT"]
[Termination "Game drawn by agreement"]

1. e4 c5 2. Nf3 d6 3. Bb5+ Nd7 4. c3 Nf6 5. Bd3 g6 6. Bc2 Bg7 7. d4 O-O 8. O-O e5 9. d5 b5 10. a4 b4 11. cxb4 cxb4 12. Re1 Nc5 13. Be3 Ncxe4 14. Bxa7 Rxa7 15. Bxe4 Qb6 16. Nbd2 Ng4 17. Rf1 Ba6 18. h3 Bxf1 19. hxg4 Ba6 20. g5 f5 21. gxf6 Bxf6 22.
Rc1 Rc7 23. Rc6 Rxc6 24. dxc6 Qc5 25. Nb3 Qa7 26. Qxd6 Bc4 27. c7 Bxb3 28. Qxf8+ Kxf8 29. c8=Q+ Kg7 30. Qe8 Qxa4 31. Bc6 Qa7 32. Nxe5 Qe7 33.
Qxe7+ Bxe7 34. Be4 Bf6 35. Nd3 Bc2 36. f3 Bxd3 37. Bxd3 Bxb2 38. Kf1 h5 39. Ke2 g5 40. Bc4 Kf6 41. Ke3 Ke5 42. Bf7 Bc1+ 43. Kd3 h4 44. Kc2 Be3 45. Kb3 Bd2 46. Be8 Kf4 47.
Bd7 Kg3 48. Bh3 Bc3 49. Kc2 Kf4 50. Kb3 Ke3 51. Bg4 Kf2 52. Bh3 Kg3 1/2-1/2

[Event "*** Titled Tuesday Blitz"]
[Site "Chess.com"]
[Date "2020.05.12"]
[Round "4"]
[White "ChessQueen"]
[Black "x-5963514717"]
[Result "0-1"]
[WhiteElo "2624"]
[BlackElo "2478"]
[TimeControl "180+1"]
[EndTime "10:38:50 PDT"]
[Termination "x-5963514717 won by checkmate"]

1. e4 e5 2. Nf3 Nc6 3. Bc4 Bc5 4. d3 Nf6 5. a4 d6 6. a5 a6 7. c3 h6 8. O-O O-O 9. Re1 Re8 10. Qb3 Qe7 11. Be3 Bxe3 12. Rxe3 Rb8 13. Nbd2 Be6 14. d4 Bxc4 15. Qxc4 Rbc8 16. h3 Nd7 17. b4 Na7 18. Qb3 Nb5 19. d5 c5 20. dxc6 Rxc6 21. c4 Nd4 22. Nxd4 exd4 23. Rd3 Qf6 24. Rd1 Ne5 25.
Rxd4 Rec8 26. Qe3 Nxc4 27. Nxc4 Rxc4 28. Rxd6 Qe5 29. R6d4 Rc3 30. Qe2 Rc2 31. Qg4 R8c4 32.
Rd8+ Kh7 33. Qf3 f6 34. R8d7 Rc1 35. g3 Rxd1+ 36. Qxd1 Qxe4 37. Qd3 Rc1+ 38. Kh2 Rh1# 0-1

[Event "*** Titled Tuesday Blitz"]
[Site "Chess.com"]
[Date "2020.05.12"]
[Round "4"]
[White "Lestofante90"]
[Black "MariaFominykh"]
[Result "1-0"]
[WhiteElo "2637"]
[BlackElo "2376"]
[TimeControl "180+1"]
[EndTime "10:38:50 PDT"]
[Termination "Lestofante90 won on time"]

1. e4 d6 2. d4 Nf6 3. Nc3 Nbd7 4.
Nf3 e5 5. Be2 Be7 6. O-O O-O 7.
Re1 c6 8. a4 b6 9. Bf1 Bb7 10.
g3 a6 11. Bg2 b5 12. b3 Re8 13. Bb2 Bf8 14. Qd3 Qc7 15. Nd2 Rad8 16. axb5 axb5 17. d5 Nc5 18. Qf1 b4 19. Na2 cxd5 20. exd5 Nxd5 21. Nc4 Rb8 22. Rad1 Nb6 23. Ne3 Ba6 24.
Re2 Bxe2 25. Qxe2 d5 26. Nxb4 d4 27. Ned5 Nxd5 28. Nxd5 Qd6 29. Ba3 Qg6 30. h4 h6 31. h5 Qa6 32. Qxa6 Nxa6 33. Bxf8 Kxf8 34. Ra1 Nb4 35. Nxb4 Rxb4 36. Be4 Rc8 37. Ra7 Rb6 38. Kf1 Rf6 39. Ke2 Rd6 40. Kd2 Rf6 41. f3 g6 42.
hxg6 fxg6 43. Rh7 h5 44. Rh8+ Ke7 45. Rxc8 1-0

[Event "*** Titled Tuesday Blitz"]
[Site "Chess.com"]
[Date "2020.05.12"]
[Round "4"]
[White "Quattroporte300"]
[Black "Gromes7"]
[Result "1-0"]
[WhiteElo "2328"]
[BlackElo "2107"]
[TimeControl "180+1"]
[EndTime "10:38:50 PDT"]
[Termination "Quattroporte300 won on time"]

1. e4 c5 2. Nf3 d6 3. d4 cxd4 4. Nxd4 Nf6 5. Nc3 Nc6 6. Bg5 e6 7. Qd2 Be7 8. O-O-O O-O 9. f3 Nxd4 10. Qxd4 a6 11. h4 Qc7 12. g4 b5 13. Kb1 Rb8 14.
h5 b4 15. Ne2 e5 16. Qd2 Be6 17. Be3 d5 18. g5 d4 19. Bf2 Nd7 20. Bh3 a5 21. g6 b3 22. cxb3 a4 23. Bxe6 fxe6 24. h6 hxg6 25. hxg7 Kxg7 26. Qh6+ Kf7 27. Qh7+ Ke8 28.
Qxg6+ Kd8 29. Qxe6 Rb6 30. Qd5 Rd6 31. Qa8+ Nb8 32.
Rc1 1-0

[Event "*** Titled Tuesday Blitz"]
[Site "Chess.com"]
[Date "2020.05.12"]
[Round "4"]
[White "KaterinaMiroshnik"]
[Black "AlexZambrano"]
[Result "1-0"]
[WhiteElo "2460"]
[BlackElo "2285"]
[TimeControl "180+1"]
[EndTime "10:38:51 PDT"]
[Termination "KaterinaMiroshnik won on time"]

1. d3 d5 2. Nd2 Nf6 3. Ngf3 c5 4. e4 dxe4 5. dxe4 Nc6 6. Be2 e5 7. O-O Qc7 8. c3 h6 9. Re1 Be7 10. Qc2 O-O 11. Nf1 Be6 12. Ng3 Rfd8 13. Be3 a6 14. h3 b5 15. a4 c4 16. Nf1 Nd7 17. Ng3 Nc5 18. axb5 axb5 19. Nf5 Bxf5 20. exf5 Rxa1 21. Rxa1 Nb3 22. Rd1 Bc5 23. Qe4 Bxe3 24. Rxd8+ Nxd8 25. Qxe3 f6 26. Nd2 Nc5 27. Ne4 Nb3 28. Bd1 Na5 29.
Qd2 Nac6 30. Nd6 Ne7 31. Nxb5 Qc8 32. g4 Nf7 33. Nd6 Qd7 34. Nxc4 Qb5 35. Ne3 Qb7 36. c4 Ng5 37. Kh2 Kh7 38. Nd5 Nxd5 39. cxd5 Qd7 40. d6 Nf7 41. Bb3 Nxd6 42. Be6 Qc7 43. b4 e4 44. Qf4 1-0

[Event "*** Titled Tuesday Blitz"]
[Site "Chess.com"]
[Date "2020.05.12"]
[Round "4"]
[White "Isajevsky_Anton"]
[Black "julinha97"]
[Result "0-1"]
[WhiteElo "2395"]
[BlackElo "2194"]
[TimeControl "180+1"]
[EndTime "10:38:51 PDT"]
[Termination "julinha97 won on time"]

1. c4 e5 2. g3 h5 3. h4 Nf6 4.
Bg2 Nc6 5. Nc3 Bc5 6. d3 a5 7. Nf3 d6 8. O-O Bg4 9. a3 Qd7 10. Rb1 O-O 11. Kh2 Bf5 12. Ng5 Ng4+ 13. Kg1 Bg6 14. e3 Ne7 15. b4 axb4 16. axb4 Bb6 17. b5 Nf5 18. Nd5 Ra2 19. Nxb6 cxb6 20. Qb3 Rfa8 21.
Bb2 Nfxe3 22. fxe3 Nxe3 23. Bh3 Qc7 24. Rf3 Qc5 25.
Kh1 d5 26. cxd5 Nxd5 27. Re1 f6 28. Be6+ Kh8 29. Bxd5 fxg5 0-1

[Event "*** Titled Tuesday Blitz"]
[Site "Chess.com"]
[Date "2020.05.12"]
[Round "4"]
[White "Zufi1811"]
[Black "mshuaau0"]
[Result "1-0"]
[WhiteElo "2461"]
[BlackElo "2181"]
[TimeControl "180+1"]
[EndTime "10:38:52 PDT"]
[Termination "Zufi1811 won by resignation"]

1. e4 e5 2. Nf3 Nc6 3. Bb5 a6 4.
Ba4 Nf6 5. O-O Be7 6. Re1 b5 7. Bb3 d6 8. c3 O-O 9. h3 Nb8 10.
d4 Nbd7 11. Nbd2 Bb7 12. Bc2 Re8 13. Nf1 Bf8 14. Ng3 g6 15. Bg5 h6 16. Bd2 Bg7 17.
a4 Nb6 18. b3 bxa4 19. bxa4 a5 20. Bd3 Qd7 21. d5 c6 22. Rb1 Nc8 23. Qb3 Ba6 24. Bxa6 Rxa6 25. c4 cxd5 26. cxd5 Rb6 27. Qc4 Rxb1 28.
Rxb1 Ne7 29. Qb5 Qxb5 30. Rxb5 h5 31. Bxa5 h4 32. Nxh4 Ra8 33. Bc7 Rxa4 34. Bxd6 g5 35. Nf3 Ng6 36. Rb8+ Kh7 37. Nxg5+ Kh6 38. Nxf7+ Kh7 39.
f3 Nd7 40. Rd8 Ra1+ 41. Kh2 Ra2 42. Rxd7 Nh4 43. Nf5 Nxg2 44. Ng5+ Kh8 45. Rd8+ 1-0

[Event "*** Titled Tuesday Blitz"]
[Site "Chess.com"]
[Date "2020.05.12"]
[Round "4"]
[White "Bacyanide"]
[Black "Rumpel-VK"]
[Result "1-0"]
[WhiteElo "2419"]
[BlackElo "2575"]
[TimeControl "180+1"]
[EndTime "10:38:53 PDT"]
[Termination "Bacyanide won on time"]

1. d4 d5 2. Nf3 Nf6 3. Bf4 c5 4. e3 Nbd7 5. Nc3 g6 6. Nb5 Qa5+ 7. c3 e5 8. dxe5 Nh5 9. Qxd5 Nxf4 10. exf4 a6 11.
Nd6+ Bxd6 12. Qxd6 Qb6 13. Qd2 O-O 14. Bc4 Nb8 15. O-O Be6 16. Bxe6 Qxe6 17. Ng5 Qf5 18. Qe3 Nc6 19. g3 Rfe8 20. Ne4 Re7 21. Nf6+ Kg7 22. Qxc5 Rd8 23. Rad1 Rxd1 24. Rxd1 h5 25. h4 Qc2 26.
Rd8 Nxd8 27. Qxe7 Qd1+ 28. Kg2 Ne6 29. Ne8+ Kg8 30. Nf6+ Kg7 31. Qxb7 Qd3 32. Qf3 Qc2 33. b4 Qxa2 34. Qd3 Qb2 35. Ne8+ Kf8 36. Nf6 Kg7 37. f5 1-0

[Event "*** Titled Tuesday Blitz"]
[Site "Chess.com"]
[Date "2020.05.12"]
[Round "4"]
[White "FranciscodelaF"]
[Black "Snegokhod"]
[Result "0-1"]
[WhiteElo "2352"]
[BlackElo "2541"]
[TimeControl "180+1"]
[EndTime "10:38:53 PDT"]
[Termination "Snegokhod won by resignation"]

1. d4 Nf6 2. c4 g6 3. g3 Bg7 4. Bg2 d5 5. cxd5 Nxd5 6. Nf3 O-O 7. O-O Nc6 8. e4 Nb6 9. d5 Na5 10. Nc3 c6 11. Be3 cxd5 12. exd5 Nac4 13. Qe2 Nxe3 14. Qxe3 Nxd5 15. Nxd5 Qxd5 16. Qxe7 Qe6 17. Qb4 Qb6 18. Qh4 Qxb2 19. Rab1 Qxa2 20. Ng5 h6 21. Ne4 a5 22. Rb6 Be6 23. Rxb7 a4 24. Nf6+ Kh8 25. Ng4 Bxg4 26. Qxg4 a3 27. Rd7 Ra5 28. Qb4 Ra6 29. Rd3 Qb2 30.
Rb3 Qa2 31. Bb7 Ra7 32. Qb6 Qc2 33. Qxa7 Qxb3 34. Qc5 a2 35. Bd5 Qb2 36. Bxa2 Qxa2 37. Rd1 Qe6 38. Rd6 Qe1+ 39. Kg2 Qe4+ 40. Kg1 h5 41. h4 Qf3 42. Rd1 Qxd1+ 0-1

[Event "*** Titled Tuesday Blitz"]
[Site "Chess.com"]
[Date "2020.05.12"]
[Round "4"]
[White "ClassyEl"]
[Black "SmirnovAlexandrA"]
[Result "0-1"]
[WhiteElo "2515"]
[BlackElo "2357"]
[TimeControl "180+1"]
[EndTime "10:38:53 PDT"]
[Termination "SmirnovAlexandrA won on time"]

1. d4 Nf6 2. Bg5 Ne4 3. Bf4 c5 4. f3 Nf6 5. d5 d6 6. e4 Qb6 7.
Nc3 Bd7 8. Qd2 Na6 9. a4 h6 10.
Bb5 g5 11. Bg3 Bg7 12. Nge2 Nb4 13. h4 g4 14. h5 a6 15. Bc4 gxf3 16. gxf3 Rg8 17.
Bf4 O-O-O 18. a5 Qc7 19. Nd1 e6 20. c3 exd5 21. exd5 Nc6 22. dxc6 Bxc6 23. Ne3 Bxf3 24. Rf1 Bxh5 25. O-O-O Qxa5 26. Ng3 Bg6 27. Bd3 Rge8 28.
Ngf5 Bf8 29. Kb1 Ne4 30. Qc2 d5 31. Bh2 c4 32. Bxe4 Rxe4 33. Qg2 Rxe3 34. Qg4 Re6 0-1

[Event "*** Titled Tuesday Blitz"]
[Site "Chess.com"]
[Date "2020.05.12"]
[Round "4"]
[White "ama18"]
[Black "Kobalia"]
[Result "0-1"]
[WhiteElo "2514"]
[BlackElo "2789"]
[TimeControl "180+1"]
[EndTime "10:38:54 PDT"]
[Termination "Kobalia won by resignation"]

1. e4 c6 2. Nc3 d5 3. Nf3 Bg4 4. h3 Bxf3 5. Qxf3 e6 6. g3 Nf6 7. Bg2 Bb4 8. exd5 cxd5 9. O-O O-O 10. d4 Nc6 11. Ne2 Ne4 12. c3 Bd6 13. Nf4 b5 14. a3 a5 15. Nd3 b4 16. Qe3 bxc3 17.
Bxe4 dxe4 18. Qxe4 cxb2 19. Bxb2 Ne7 20. Rac1 Rb8 21.
Rfd1 Nd5 22. Rc2 a4 23. Ne5 Rxb2 24. Rxb2 Nc3 25. Qf3 Nxd1 26. Nc6 Qd7 27. Rc2 Rc8 28. Nb4 Rxc2 29. Nxc2 Nb2 30. Qc3 Qb7 31. Nb4 Nd1 32. Qc2 Bxb4 33. axb4 a3 34. Qxd1 Qxb4 35. Qc2 g6 36. h4 Qxd4 0-1

[Event "*** Titled Tuesday Blitz"]
[Site "Chess.com"]
[Date "2020.05.12"]
[Round "4"]
[White "ASVZ"]
[Black "viktorskliarov"]
[Result "0-1"]
[WhiteElo "2360"]
[BlackElo "2593"]
[TimeControl "180+1"]
[EndTime "10:38:54 PDT"]
[Termination "viktorskliarov won by checkmate"]

1. e4 c5 2. c3 d6 3. d4 Nf6 4.
dxc5 Nc6 5. Bb5 Nxe4 6. Bxc6+ bxc6 7. Be3 Nxc5 8. Bxc5 dxc5 9. Qxd8+ Kxd8 10. Nd2 Bf5 11. O-O-O Kc7 12. Ngf3 f6 13. Nc4 e5 14. Rd2 Be6 15. Na5 g6 16. Kb1 Bh6 17. Rdd1 Rhd8 18. h3 c4 19. g4 Bd5 20. Rxd5 cxd5 21. h4 Bf4 22. Kc2 Rab8 23. b4 cxb3+ 24. axb3 Rb5 25.
b4 d4 26. Nb3 dxc3 27. Nc5 Rd5 28. Kxc3 Rdxc5+ 29. bxc5 Rxc5+ 30. Kb3 Rb5+ 31. Kc3 e4 32. Nd4 Be5 33. Kc4 Rb2 34. Ne6+ Kd6 35. Nf8 Rxf2 36. Nxh7 Rc2+ 37. Kb3 Rc3+ 38. Kb4 e3 39. h5 gxh5 40. gxh5 e2 41. h6 Re3 42. Re1 Bc3+ 43. Kc4 Bxe1 44. Kd4 Rh3 45. Ng5 fxg5 46. h7 Bc3+ 47. Ke4 Bh8 48. Kf5 Rxh7 49. Kg4 Rh4+ 50. Kxg5 Rf4 51. Kg6 Ke6 52. Kh5 Kf6 53. Kh6 Rh4# 0-1

[Event "*** Titled Tuesday Blitz"]
[Site "Chess.com"]
[Date "2020.05.12"]
[Round "4"]
[White "MichailovM"]
[Black "scabies1"]
[Result "0-1"]
[WhiteElo "2403"]
[BlackElo "2253"]
[TimeControl "180+1"]
[EndTime "10:38:54 PDT"]
[Termination "scabies1 won on time"]

1. e4 c5 2. Nf3 e6 3. d4 cxd4 4. Nxd4 Nc6 5. Nc3 Qc7 6. Be2 a6 7. O-O Nf6 8. Be3 Bb4 9. Na4 Be7 10. Nxc6 bxc6 11. Nb6 Rb8 12. Nxc8 Qxc8 13. Bd4 O-O 14. e5 Nd5 15. c4 Nf4 16. Bf3 Qc7 17. c5 f6 18.
exf6 Bxf6 19. Re1 Nh3+ 20. gxh3 Bxd4 21. Qxd4 Rxf3 22. Re3 Rf4 23. Qd2 Rbf8 24. Rd1 R8f7 25. Rg3 g6 26. Qd6 Qxd6 27. Rxd6 Rxf2 28. Rxd7 Rxb2 29. Rxf7 Kxf7 30. Ra3 Rc2 31. Rxa6 Rxc5 32. Ra7+ Kf6 33. Rxh7 Ra5 34. Rc7 c5 35. Kf2 Rxa2+ 36.
Kg3 Rc2 37. h4 c4 38. Kf4 c3 39. h3 Rc1 40. Ke3 e5 0-1

[Event "*** Titled Tuesday Blitz"]
[Site "Chess.com"]
[Date "2020.05.12"]
[Round "4"]
[White "Angel_Hranitel_37"]
[Black "Munkhzul_Davaakhuu"]
[Result "1-0"]
[WhiteElo "2364"]
[BlackElo "1902"]
[TimeControl "180+1"]
[EndTime "10:38:54 PDT"]
[Termination "Angel_Hranitel_37 won on time"]

1. d4 d5 2. c4 e6 3. Nf3 a6 4.
cxd5 exd5 5. g3 Nf6 6. Bg2 Be7 7.
O-O O-O 8. Nc3 Bf5 9. Bf4 c6 10. Qb3 Qc8 11. Na4 Nbd7 12. Nh4 Be6 13. Rac1 b5 14. Nc3 Nb6 15. Nf3 Qb7 16. Ne5 Nc4 17. Qc2 Rfd8 18. b3 Nxe5 19. Bxe5 Rac8 20. Nd1 Nd7 21.
Bf4 c5 22. dxc5 Rxc5 23. Qb2 Bf6 24. Qb1 Rdc8 25. Ne3 Qc6 26. Nf5 Bxf5 27. Qxf5 g6 28. Qh3 Rc3 29. Rxc3 Bxc3 30. Rc1 b4 31. Qg4 Nf6 32. Qf3 Qe8 33. Bh3 Rc5 34. Bd6 Rc6 35.
Bf4 Kg7 36. Qd3 Bb2 37. Rxc6 Qxc6 38. Bg2 Bc1 39. Be5 Bg5 40. Bxd5 Qc1+ 41. Kg2 h5 42. h4 1-0

[Event "*** Titled Tuesday Blitz"]
[Site "Chess.com"]
[Date "2020.05.12"]
[Round "4"]
[White "Saloni1299"]
[Black "MikeSailer"]
[Result "1-0"]
[WhiteElo "2309"]
[BlackElo "2003"]
[TimeControl "180+1"]
[EndTime "10:38:54 PDT"]
[Termination "Saloni1299 won on time"]

1. e4 d5 2. exd5 Qxd5 3. Nc3 Qd6 4. Bc4 Nf6 5. d4 c6 6. Nge2 Bf5 7. Bf4 Qd8 8. O-O e6 9. Bd3 Bxd3 10. Qxd3 Bd6 11. Ne4 Nxe4 12. Qxe4 Bxf4 13. Nxf4 O-O 14. Rae1 Nd7 15. c3 Nf6 16. Qf3 Nd5 17. Re5 Nxf4 18. Qxf4 Qf6 19. Qe3 Rad8 20. f4 Rd5 21. f5 exf5 22.
Rfxf5 Rxe5 23. Rxe5 Qg6 24. Qe4 Qh6 25. Qe3 Qg6 26.
Re4 f5 27. Re6 Qg4 28. h3 Qd1+ 29. Kh2 f4 30. Qe5 Qd3 31. Re7 Qg3+ 32. Kh1 h6 33.
Rxb7 Rf6 34. Qe8+ Kh7 35. Qe4+ Rg6 36. Rf7 f3 37. Qxf3 Qe1+ 38. Kh2 Qe6 39. Rf4 1-0

[Event "*** Titled Tuesday Blitz"]
[Site "Chess.com"]
[Date "2020.05.12"]
[Round "4"]
[White "mbojan"]
[Black "uchenic"]
[Result "1-0"]
[WhiteElo "2675"]
[BlackElo "2473"]
[TimeControl "180+1"]
[EndTime "10:38:55 PDT"]
[Termination "mbojan won by checkmate"]

1. e4 e6 2. d4 d5 3. Nc3 Bb4 4.
e5 Qd7 5. Bd2 b6 6. a3 Bf8 7. h4 Ba6 8. Bxa6 Nxa6 9. h5 h6 10. Qe2 Nb8 11. Nf3 a6 12. O-O c5 13.
Nd1 Nc6 14. c3 Na5 15. Ne3 Nb3 16. Rad1 Ne7 17. Bc1 Qb5 18. c4 dxc4 19. Nxc4 Nf5 20. a4 Qc6 21. Be3 Rd8 22. dxc5 Bxc5 23. Rxd8+ Kxd8 24. Qd3+ Qd5 25. Qxb3 Nxe3 26. fxe3 Kc7 27. Rd1 Qe4 28. Qd3 Qxd3 29. Rxd3 b5 30. axb5 axb5 31. Nd6 Ra8 32. Nxb5+ Kb6 33. Nc3 Ra1+ 34. Kh2 Kc6 35.
Ne4 Rb1 36. Rc3 Kb6 37. Nxc5 Kb5 38. Nd4+ Kb6 39. Na4+ Ka5 40. Nc5 Kb6 41. Nd3 Ra1 42. b4 Rb1 43. b5 Ra1 44. Rc6+ Kb7 45. Nc5+ Kb8 46. Rb6+ Kc8 47. Nc6 Kc7 48. Rb7+ Kc8 49. Rxf7 Rb1 50. Nxe6 Rxb5 51. Rc7# 1-0

[Event "*** Titled Tuesday Blitz"]
[Site "Chess.com"]
[Date "2020.05.12"]
[Round "4"]
[White "kai_nov"]
[Black "AnkitGajwa"]
[Result "1-0"]
[WhiteElo "2262"]
[BlackElo "2422"]
[TimeControl "180+1"]
[EndTime "10:38:55 PDT"]
[Termination "kai_nov won by resignation"]

1. d4 Nf6 2. c4 e6 3. Nc3 d5 4.
cxd5 exd5 5. Bg5 Be7 6. e3 O-O 7. Bd3 c6 8. Qc2 Nbd7 9. Nf3 Re8 10. h3 Nf8 11. Bf4 Ne6 12. Bh2 Bd6 13. Bxd6 Qxd6 14.
O-O-O Bd7 15. Kb1 Rac8 16. g4 c5 17. g5 Ne4 18. Bxe4 dxe4 19. Nxe4 Qb6 20. d5 Nd4 21. exd4 cxd4 22. Qd3 Bf5 23. Rhe1 Qg6 24. Nfd2 Qxg5 25.
Qxd4 Qg2 26. Ka1 Bg6 27. d6 Red8 28. Re3 Rc2 29. a3 Qh2 30. Nb3 Qf4 31. d7 h6 32.
Nf6+ Qxf6 33. Qxf6 gxf6 34. Re8+ Kg7 35. Rxd8 Rc7 36.
Rg8+ Kxg8 37. d8=Q+ Kg7 1-0

[Event "*** Titled Tuesday Blitz"]
[Site "Chess.com"]
[Date "2020.05.12"]
[Round "4"]
[White "not_najdorfs_player"]
[Black "Mazanchenko_Dmitry"]
[Result "0-1"]
[WhiteElo "2337"]
[BlackElo "2133"]
[TimeControl "180+1"]
[EndTime "10:38:55 PDT"]
[Termination "Mazanchenko_Dmitry won by checkmate"]

1. e4 c5 2. Nf3 d6 3. d4 Nf6 4.
Nc3 cxd4 5. Nxd4 Nc6 6. Bc4 e6 7. Be3 Qc7 8. Qe2 Bd7 9. O-O-O Be7 10. f4 Nxd4 11. Bxd4 e5 12. fxe5 dxe5 13. Be3 Bg4 14. Bb5+ Kf8 15. Qe1 Bxd1 16. Qxd1 Rd8 17. Qf3 h6 18.
Rf1 Kg8 19. g4 Rc8 20. Bd3 Bb4 21. Nd5 Nxd5 22. exd5 f6 23. Qf5 Re8 24. h4 e4 25.
Be2 Qe5 26. Qg6 Rc8 27. Rd1 Qg3 28. Bd4 Qf4+ 29. Kb1 Bf8 30. Rf1 Qd2 31. Bxf6 Qxc2+ 32. Ka1 Qc1+ 33. Rxc1 Rxc1# 0-1

[Event "*** Titled Tuesday Blitz"]
[Site "Chess.com"]
[Date "2020.05.12"]
[Round "4"]
[White "halfnatty"]
[Black "cukus"]
[Result "1-0"]
[WhiteElo "2737"]
[BlackElo "2506"]
[TimeControl "180+1"]
[EndTime "10:38:56 PDT"]
[Termination "halfnatty won by resignation"]

1. e4 c6 2. d4 d5 3. exd5 cxd5 4. Bd3 Nc6 5. c3 Nf6 6. h3 g6 7. Nf3 Bf5 8. Be2 Bg7 9. O-O O-O 10. Be3 Qb6 11.
Qb3 Qxb3 12. axb3 Ne4 13. b4 a6 14. Nbd2 f6 15. Nxe4 Bxe4 16. Nd2 Bf5 17. g4 Bd7 18. Nb3 Rad8 19. Nc5 Bc8 20. b5 axb5 21. Bxb5 f5 22. f3 f4 23. Bf2 e5 24. Bxc6 bxc6 25. dxe5 Bxe5 26. Bd4 Bd6 27. Ra7 Rf7 28. Rfa1 Re8 29.
Kf2 Ree7 30. Ra8 Re8 31. R1a6 Rfe7 32. Rxc6 Re2+ 33. Kg1 Bxc5 34. Rxc5 Rxb2 35. Raxc8 Rb1+ 36. Kg2 Rb2+ 37. Bf2 Rxc8 38. Rxc8+ Kf7 39. h4 h5 40. gxh5 gxh5 41. Rc6 Rc2 42. Kf1 Rc1+ 43. Ke2 Rc2+ 44. Ke1 Ke7 45. Bd4 Rh2 46. Rh6 Rh1+ 47. Kd2 Rh2+ 48.
Kd3 Rh3 49. Ke2 Rh2+ 50. Bf2 Rh1 51. Rxh5 Rc1 52. Rxd5 Rxc3 53. Re5+ Kd6 54. Re4 Rc2+ 55. Kf1 Rc1+ 56. Kg2 1-0

[Event "*** Titled Tuesday Blitz"]
[Site "Chess.com"]
[Date "2020.05.12"]
[Round "4"]
[White "Grandmaster2B"]
[Black "MusicCityMaster"]
[Result "1-0"]
[WhiteElo "2490"]
[BlackElo "2311"]
[TimeControl "180+1"]
[EndTime "10:38:56 PDT"]
[Termination "Grandmaster2B won by checkmate"]

1. e4 c5 2. Nf3 d6 3. d4 cxd4 4. Nxd4 Nf6 5. Nc3 a6 6. f3 e5 7. Nb3 Be6 8. Be3 Be7 9. Qd2 Nbd7 10. O-O-O b5 11. g4 Nb6 12. Qf2 Nfd7 13. h4 Qc7 14. Kb1 O-O 15. g5 Nc4 16. Nd5 Bxd5 17. Rxd5 Ndb6 18. Rd1 Na4 19. Bc1 Rfc8 20. Bd3 a5 21.
h5 Naxb2 22. Bxb2 Nxb2 23. Kxb2 Qc3+ 24. Kb1 a4 25. Qd2 axb3 26. cxb3 b4 27. g6 Bg5 28. Qxc3 Rxc3 29. Bc4 Rxf3 30. Bxf7+ Kh8 31. Bd5 Rf2 32.
Bxa8 Be3 33. Rhf1 Rf4 34. Rxf4 exf4 35. Rf1 Kg8 36. Bd5+ Kh8 37. Kc2 hxg6 38. hxg6 f3 39. Rxf3 Bh6 40. Rf8# 1-0

[Event "*** Titled Tuesday Blitz"]
[Site "Chess.com"]
[Date "2020.05.12"]
[Round "4"]
[White "novocane"]
[Black "HunterBRR"]
[Result "1-0"]
[WhiteElo "2241"]
[BlackElo "2019"]
[TimeControl "180+1"]
[EndTime "10:38:56 PDT"]
[Termination "novocane won on time"]

1. d4 Nf6 2. c4 g6 3. Nc3 Bg7 4. e4 d6 5. f3 O-O 6. Bg5 Nc6 7. Nge2 a6 8. Qd2 Na5 9. Ng3 b5 10. cxb5 axb5 11. Bxb5 Nb3 12. Qd1 Nxa1 13. Qxa1 c5 14.
dxc5 dxc5 15. O-O h6 16. Be3 Nd7 17. Rd1 e6 18. Qc1 Qc7 19. Bxh6 Ne5 20. Bxg7 Kxg7 21. f4 Nc6 22. Bxc6 Qxc6 23. f5 exf5 24. exf5 Bxf5 25. Nxf5+ gxf5 26. Rf1 Rg8 27. Rxf5 Kf8 28. Qf1 Ra7 29.
h3 Re7 30. Nd5 Rd7 31. Nf6 Rd1 32. Nh7+ Ke8 33. Re5+ Kd8 34. Qxd1+ Kc8 35. Re2 1-0

[Event "*** Titled Tuesday Blitz"]
[Site "Chess.com"]
[Date "2020.05.12"]
[Round "4"]
[White "StephenDedalus83"]
[Black "Azerichess"]
[Result "1/2-1/2"]
[WhiteElo "2730"]
[BlackElo "3038"]
[TimeControl "180+1"]
[EndTime "10:38:57 PDT"]
[Termination "Game drawn by repetition"]

1. e4 c6 2. d4 d5 3. e5 Bf5 4. c3 e6 5. Be3 Nd7 6. Nd2 Ne7 7. f4 h6 8. Ngf3 Rc8 9. Be2 a6 10.
b4 a5 11. a3 b5 12. O-O a4 13.
h3 Nb6 14. g4 Bh7 15. Bf2 Nc4 16. Qe1 Kd7 17. Bg3 Kc7 18. Rf2 Kb7 19. Nf1 Qd7 20. Qd1 Rd8 21. Bd3 g6 22. Bh4 g5 23. fxg5 hxg5 24.
Bxg5 Bxd3 25. Qxd3 Rxh3 26. Kg2 Rh8 27. Ng3 Rc8 28. Nh5 Ng6 29. Nf6 Qc7 30. Nd2 Bh6 31. Bxh6 Rxh6 32. Nxc4 bxc4 33. Qe3 Rch8 34. Nh5 Nh4+ 35.
Kf1 Rg6 36. Qf4 Rh7 37. Ke2 Qe7 38. Raf1 Kb6 39. Nf6 Rh8 40. Rh2 Rgh6 41. g5 Ng6 42.
gxh6 Nxf4+ 43. Rxf4 c5 44. bxc5+ Ka6 45. h7 Qb7 46. Rh3 Qb2+ 47. Kf1 Qb1+ 48. Kg2 Qb2+ 49. Kh1 Qxa3 50. Rg4 Qc1+ 51. Rg1 Qc2 52. Rg8 Qb1+ 53.
Kh2 Qc2+ 54. Kh1 Qb1+ 55. Kh2 Qc2+ 56. Kh1 1/2-1/2

[Event "*** Titled Tuesday Blitz"]
[Site "Chess.com"]
[Date "2020.05.12"]
[Round "4"]
[White "FLamps8"]
[Black "fridaywins"]
[Result "1-0"]
[WhiteElo "2569"]
[BlackElo "2238"]
[TimeControl "180+1"]
[EndTime "10:38:57 PDT"]
[Termination "FLamps8 won by resignation"]

1. d4 Nf6 2. Bf4 g6 3. Nc3 d5 4. e3 Bg7 5. h4 h5 6. Nf3 c6 7.
Be2 Bg4 8. Ne5 Bxe2 9. Qxe2 Nfd7 10. Nxd7 Qxd7 11. O-O-O Qf5 12. Rh3 Nd7 13. Rf3 Qg4 14. e4 dxe4 15. Nxe4 O-O 16. Qe3 Nb6 17. Rg3 Nd5 18.
Rxg4 Nxe3 19. Rxg6 Nxd1 20. Rg3 f5 21. Be5 Rf7 22. Ng5 Bxe5 23. dxe5 Rg7 24. Kxd1 Rd8+ 25.
Ke2 Rd5 26. f4 e6 27. Rd3 Rxd3 28. Kxd3 Rd7+ 29. Ke3 Re7 30. Kd4 Kf8 31. Kc5 Ke8 32.
Kd6 Rd7+ 33. Kxe6 Rd2 34. Kxf5 Rxg2 35. Ke6 Rxc2 36. f5 Rxb2 37. f6 Rf2 38. f7+ Kd8 39.
Nh7 c5 40. Nf6 Rxf6+ 41. Kxf6 c4 42. f8=Q+ Kc7 43. Qd6+ 1-0

[Event "*** Titled Tuesday Blitz"]
[Site "Chess.com"]
[Date "2020.05.12"]
[Round "4"]
[White "yobdc"]
[Black "KarstenHansch"]
[Result "1-0"]
[WhiteElo "1850"]
[BlackElo "2357"]
[TimeControl "180+1"]
[EndTime "10:38:57 PDT"]
[Termination "yobdc won by resignation"]

1. c4 e6 2. d4 d5 3. g3 Nf6 4.
Bg2 Be7 5. Nf3 O-O 6. O-O dxc4 7.
Qc2 a6 8. a4 Bd7 9. Qxc4 Bc6 10.
Bg5 Bd5 11. Qc2 Be4 12. Qc1 h6 13. Bxf6 Bxf6 14. Rd1 c6 15. Nbd2 Bh7 16. a5 Nd7 17.
Nb3 Qe7 18. Bh3 Rac8 19. Qc4 c5 20. dxc5 Nxc5 21. Rac1 Nxb3 22. Qxb3 Be4 23. Nd2 Bd5 24. Qb6 Rc6 25. Rxc6 Bxc6 26. Bg2 Rc8 27. Ne4 Bxe4 28. Bxe4 Qc7 29. Kg2 Qxb6 30. axb6 Rb8 31. b3 Bd8 32. Bxb7 Bxb6 33. Bxa6 g6 34. Bc4 Kg7 35. e3 Kf6 36. h4 h5 37. Rd7 Bc5 38. Kf1 Bb4 39.
Ke2 Be7 40. f4 Rd8 41. Rb7 Bc5 42. e4 Ra8 43. Kf3 Ra2 44. e5+ Kg7 45. Bxe6 Rf2+ 46. Ke4 1-0